AoeStats
← theodb

African Clearing

510449406Analyzed
4v4 RM · 23h ago on Oct 1, 2026· 64m 35s· 8 players
Game mode
Random Map
Map size
Large (8 player)
Population
200
Speed
Normal
Resources
Standard
Victory
Conquest
Starting age
Dark Age
Ending age
Imperial Age
RankedLock teamsTeams togetherTeam positionsShared explorationLock speedFull tech treeHidden civsTurbo modeCheats
Victory
Defeat
🇺🇸 Burgundians · United States
1181
+11
🇧🇷 Chinese · Brazil
1095
+15
🇺🇸 Koreans · United States
1040
+17
🇨🇱 Chinese · Chile
1030
+19
🇨🇦 Gurjaras · Canada
1089
-16
🇨🇳 Spanish · China
1081
-16
🇨🇳 Persians · China
1079
-16
🇺🇸 Franks · United States
1038
-14
theodb
5:09 Loom
14:33 Feudal Age
16:22 Wheelbarrow
24:01 Castle Age
22:13 Gold Mining
22:50 Double-Bit Axe
23:43 Scale Barding Armor
28:36 Bow Saw
29:19 Stone Mining
31:04 Gold Shaft Mining
32:09 Hand Cart
31:41 Town Watch
33:07 Husbandry
37:06 Fervor
43:09 Imperial Age
42:23 Chain Barding Armor
42:49 Town Patrol
43:23 Forging
42:59 Fishing Lines
43:15 Treadmill Crane
43:48 Masonry
44:05 Cavalier
45:12 Block Printing
46:14 Conscription
46:30 Paladin
48:39 Plate Barding Armor
48:40 Iron Casting
48:42 Architecture
52:31 Blast Furnace
59:21 Light Cavalry
vince.dion123
16:43 Feudal Age
15:34 Loom
22:11 Castle Age
22:56 Forging
25:26 Horse Collar
27:22 Heavy Plow
28:37 Double-Bit Axe
30:14 Fletching
34:10 Town Watch
34:49 Scale Mail Armor
35:10 Arson
39:59 Imperial Age
39:21 Chain Mail Armor
39:42 Iron Casting
41:40 Scale Barding Armor
42:13 Gold Mining
43:43 Elite Chakram Thrower
44:57 Plate Mail Armor
44:50 Conscription
5720638
6:15 Loom
17:20 Feudal Age
18:03 Double-Bit Axe
18:32 Fishing Lines
22:35 Castle Age
21:18 Horse Collar
25:14 Wheelbarrow
24:25 Town Watch
30:30 Imperial Age
30:06 Fletching
32:03 Chemistry
31:36 Stone Mining
31:38 Gold Mining
31:44 Bodkin Arrow
33:23 Conscription
33:38 Gillnets
34:43 Hand Cart
34:59 Heavy Camel Rider
37:35 Scale Barding Armor
37:41 Forging
37:32 Padded Archer Armor
37:55 Ballistics
39:32 Iron Casting
39:13 Leather Archer Armor
39:20 Chain Barding Armor
41:33 Cavalier
42:13 Husbandry
42:24 Bloodlines
41:36 Light Cavalry
42:27 Town Patrol
44:56 Masonry
44:42 Murder Holes
44:19 Savar
44:21 Hussar
45:39 Bow Saw
45:30 Heavy Plow
47:39 Citadels
47:29 Kamandaran
46:50 Elite War Elephant
50:31 Two-Man Saw
51:06 Plate Barding Armor
51:32 Blast Furnace
51:03 Ring Archer Armor
50:50 Capped Ram
52:59 Siege Ram
54:27 Crossbowman
55:12 Thumb Ring
54:28 Elite Skirmisher
飘叶
12:58 Feudal Age
16:56 Castle Age
14:53 Stone Mining
15:16 Double-Bit Axe
15:44 Loom
18:36 Wheelbarrow
30:02 Padded Archer Armor
30:07 Scale Barding Armor
31:15 Bow Saw
30:46 Horse Collar
32:36 Horse Collar
32:46 Gold Mining
40:44 Imperial Age
39:42 Bloodlines
39:32 Husbandry
41:53 Leather Archer Armor
42:44 Heavy Plow
43:22 Fletching
43:53 Chain Barding Armor
43:58 Husbandry
45:09 Ring Archer Armor
44:54 Cavalier
45:48 Forging
46:10 Conscription
47:40 Bodkin Arrow
48:23 Plate Barding Armor
48:24 Iron Casting
JustOutOfRange
6:49 Double-Bit Axe
6:51 Loom
15:31 Feudal Age
17:04 Bow Saw
22:55 Castle Age
21:07 Horse Collar
22:21 Heavy Plow
23:20 Forging
23:15 Scale Barding Armor
25:56 Sanctity
25:48 Cavalier
29:47 Wheelbarrow
29:20 Town Watch
30:54 Husbandry
33:34 Two-Man Saw
34:13 Chain Barding Armor
34:29 Iron Casting
34:43 Iron Casting
37:32 Hand Cart
39:28 Gold Mining
43:37 Imperial Age
41:30 Fletching
41:52 Burgundian Vineyards
43:37 Padded Archer Armor
43:44 Caravan
44:57 Plate Barding Armor
44:37 Leather Archer Armor
45:01 Conscription
44:11 Paladin
44:36 Treadmill Crane
44:22 Light Cavalry
47:11 Chemistry
47:43 Blast Furnace
47:46 Hussar
49:21 Gold Shaft Mining
48:36 Stone Mining
49:45 Town Patrol
50:52 Hoardings
50:46 Elite Coustillier
53:19 Crop Rotation
53:34 Pikeman
54:14 Squires
54:20 Scale Mail Armor
54:11 Halberdier
55:31 Chain Mail Armor
58:08 Plate Mail Armor
AoeAuthority.com
14:30 Feudal Age
14:59 Loom
20:37 Castle Age
19:32 Double-Bit Axe
21:12 Crossbowman
22:27 Fletching
27:12 Horse Collar
29:47 Bow Saw
32:52 Bodkin Arrow
34:01 Ballistics
33:40 Pikeman
34:46 Heavy Plow
38:59 Imperial Age
37:49 Thumb Ring
38:26 Wheelbarrow
37:37 Town Watch
39:44 Hand Cart
40:08 Halberdier
44:31 Chemistry
44:26 Gold Mining
46:11 Elite War Wagon
47:13 Scale Mail Armor
48:35 Elite Skirmisher
50:35 Squires
50:21 Arson
51:48 Caravan
55:32 Chain Mail Armor
55:28 Forging
55:19 Bracer
59:05 Plate Mail Armor
59:11 Iron Casting
63:33 Two-Man Saw
pegador
3:19 Loom
15:04 Feudal Age
16:29 Wheelbarrow
20:51 Castle Age
21:47 Hand Cart
23:38 Fletching
23:38 Double-Bit Axe
23:35 Horse Collar
24:05 Stone Mining
26:58 Town Watch
32:56 Bow Saw
32:48 Heavy Plow
32:41 Gold Mining
34:04 Gold Shaft Mining
34:05 Stone Shaft Mining
34:13 Stone Shaft Mining
36:10 Bodkin Arrow
36:15 Padded Archer Armor
36:47 Ballistics
40:43 Imperial Age
39:48 Leather Archer Armor
39:43 Forging
39:39 Scale Barding Armor
39:49 Bloodlines
39:39 Husbandry
40:19 Fortified Wall
40:03 Guard Tower
40:49 Masonry
40:34 Murder Holes
41:39 Husbandry
41:01 Cavalier
41:12 Cavalier
41:53 Bracer
41:15 Elite Chu Ko Nu
42:33 Conscription
42:55 Ring Archer Armor
43:01 Iron Casting
42:46 Chain Barding Armor
43:38 Chemistry
43:15 Keep
42:31 Arrowslits
43:21 Architecture
43:37 Chain Barding Armor
44:02 Town Patrol
45:00 Bombard Tower
47:16 Blast Furnace
46:51 Plate Barding Armor
47:31 Great Wall
47:52 Rocketry
50:57 Light Cavalry
51:43 Scale Mail Armor
52:46 Sappers
53:37 Chain Mail Armor
53:55 Coinage
53:25 Caravan
53:23 Heated Shot
53:03 Man-at-Arms
53:04 Pikeman
53:04 Elite Fire Lancer
53:12 Pikeman
53:53 Squires
53:40 Arson
53:21 Elite Fire Lancer
56:42 Plate Mail Armor
kisameada
3:21 Loom
15:30 Feudal Age
16:06 Double-Bit Axe
16:04 Horse Collar
17:13 Gold Mining
21:07 Castle Age
20:16 Fletching
21:13 Crossbowman
25:47 Gold Shaft Mining
25:53 Bow Saw
26:13 Stone Mining
29:22 Stone Shaft Mining
33:15 Heavy Plow
39:08 Elite Skirmisher
43:34 Wheelbarrow
44:47 Ballistics
44:26 Bodkin Arrow
47:12 Imperial Age
47:11 Forging
47:02 Padded Archer Armor
48:46 Hand Cart
49:52 Bracer
51:56 Conscription
53:47 Two-Man Saw
54:59 Iron Casting
54:56 Squires
55:04 Elite Fire Lancer
56:25 Scale Mail Armor
57:24 Pikeman
59:32 Town Watch
61:12 Chemistry
60:14 Halberdier
62:01 Chain Mail Armor
63:20 Plate Mail Armor
63:46 Caravan
Connection lost

Rejoining the realm…

Still unreachable

The connection could not be restored.

Session expired

The server has moved on; the page needs a fresh start.